 Dungeon Crawl Stone Soup version 0.30.1-3-gfc49f6343a (webtiles) character file.

Game seed: 2069794732087459710

256 javelincjr the Sneak (level 6, 0/36 HPs)
             Began as an Octopode Summoner on Aug 9, 2023.
             Succumbed to a kobold brigand's poison
             ... in a sewer.
             The game lasted 00:09:59 (2147 turns).

javelincjr the Sneak (Octopode Summoner)            Turns: 2147, Time: 00:09:59

Health: 0/36       AC:  1    Str:  8    XL:     6   Next: 16%
Magic:  1/10       EV: 14    Int: 19    God:
Gold:   143        SH:  0    Dex: 12    Spells: 5/11 levels left

rFire   + . .        k - +0 spear
rCold   x . .        (no shield)
rNeg    . . .        (helmet restricted)
rPois   .            (no amulet)
rElec   .            p - ring of fire
rCorr   .            (no ring)
SInv    .            (no ring)
Will    .....        (no ring)
Stlth   ++++         (no ring)
HPRegen 0.26/turn    (no ring)
MPRegen 0.12/turn    (no ring)
                     (no ring)

%: no passive effects
@: lethally poisoned (0 -> -1)
A: almost no armour, amphibious, 8 rings, camouflage 1, gelatinous body 1,
(nimble swimmer 1), tentacles
a: no special abilities


You were in a sewer.
You visited 1 branch of the dungeon, and saw 3 of its levels.
You also visited: Sewer.

You collected 143 gold pieces.

Inventory:

Hand Weapons
 k - a +0 spear (weapon)
 o - a +2 mace of protection
 q - a +1 dagger of draining
Missiles
 r - 7 poisoned darts
Jewellery
 p - a ring of fire (left tentacle)
Scrolls
 b - a scroll of immolation {unknown}
 e - 2 scrolls of fear {unknown}
 f - a scroll of magic mapping {unknown}
 g - 2 scrolls of identify {unknown}
 m - a scroll of vulnerability {unknown}
Potions
 a - a potion of magic
 c - a potion of mutation {unknown}
 d - 2 potions of heal wounds {unknown}
 h - a potion of resistance {unknown}
 i - 2 potions of curing
 j - a potion of ambrosia {unknown}
 l - a potion of flight {unknown}
 n - a potion of lignification {unknown}


   Skills:
 + Level 3.6 Dodging
 + Level 5.0 Stealth
 + Level 3.2 Spellcasting
 + Level 4.9 Summonings


You had 5 spell levels left.
You knew the following spells:

 Your Spells              Type           Power      Damage    Failure   Level
a - Summon Small Mammal   Summ           84%        N/A       1%          1
b - Call Imp              Summ           42%        N/A       3%          2
c - Call Canine Familiar  Summ           21%        N/A       6%          3

Your spell library contained the following spells:

 Spells                   Type           Power      Damage    Failure   Level
 Summon Guardian Golem    Hex/Summ       12%        N/A       16%         3
 Summon Lightning Spire   Summ/Air       12%        N/A       47%         4


Dungeon Overview and Level Annotations

Branches:
Dungeon (3/15)              Sewer (1/1)

Altars:


Innate Abilities, Weirdness & Mutations

You cannot wear most types of armour.
You are amphibious.
You can wear up to eight rings at the same time.
Your skin changes colour to match your surroundings (Stealth+).
Your rubbery body absorbs attacks. (AC +1, EV +1)
((You are camouflaged when in or above water. (Stealth+)))
You have tentacles for arms and can constrict up to eight enemies at once.


Message History

The giant cockroach bites your cerulean imp.
The kobold brigand hits you with a +0 short sword.
* * * LOW HITPOINT WARNING * * *
Your hound bites the kobold brigand.
The kobold brigand dies!
Your cerulean imp hits the giant cockroach but does no damage.
Your Stealth skill increases to level 5!
You have reached level 6!
There is a lethal amount of poison in your body!
* * * LOW HITPOINT WARNING * * *
You feel sick.
The giant cockroach barely misses your cerulean imp.
Your hound closely misses the giant cockroach.
Your cerulean imp hits the giant cockroach with a -2 spear.
The giant cockroach closely misses your cerulean imp.
You enter the shallow water.
* * * LOW HITPOINT WARNING * * *
You feel sick.
Your hound bites the giant cockroach.
The giant cockroach dies!
Your cerulean imp hits the kobold with a -2 spear.
Your hound closely misses the kobold.
* * * LOW HITPOINT WARNING * * *
You feel sick.
Your cerulean imp disappears in a puff of smoke!
Something misses your hound.
You enter the deep water.
* * * LOW HITPOINT WARNING * * *
You feel sick.
Your hound closely misses the kobold.
* * * LOW HITPOINT WARNING * * *
You feel sick.
Your hound barely misses the kobold.
The kobold barely misses your hound.
* * * LOW HITPOINT WARNING * * *
You feel sick.
Your hound bites the kobold.
The kobold dies!
Your hound bites the kobold.
* * * LOW HITPOINT WARNING * * *
You feel sick.
Your hound bites the kobold.
The kobold dies!
There is an open door here.
You die...

.._.§†).).~≈≈≈.............
§....K#KK.#≈≈.............#
..§..
##h####.#≈###)≈#≈####. ....
#≈~.#...)≈≈≈≈)≈≈≈≈≈≈#. #''
#≈..#..)≈≈≈≈≈≈≈≈≈≈≈≈#. ~.
#~≈.#.~≈≈≈≈≈≈≈≈≈≈≈≈≈#. ≈
#≈~.#.~~≈≈≈≈≈≈≈≈≈≈≈≈#.
#~~.#..≈≈≈≈≈≈≈≈≈≈≈≈≈#.
#≈))'@~~≈≈≈≈≈≈≈≈≈≈≈≈#.
##≈##################.
#~~~...≈~≈~~≈≈≈~≈≈~~#.
#≈.~~≈.≈≈≈≈≈≈≈≈≈≈≈≈≈~.
#≈≈≈≈≈≈≈≈≈≈≈≈≈≈≈≈≈≈~#.
######################


There were no monsters in sight!

Vanquished Creatures
  A gnoll (D:1)
  2 adders (D:3)
  3 shadow imps (Sewer)
  An ufetubus (Sewer)
  A worm (D:2)
  An endoplasm (Sewer)
  A giant cockroach (D:3)
  A goblin (D:3)
  3 hobgoblins
  3 jackals (D:1)
  10 kobolds
  2 ball pythons
  2 bats (D:1)
  A kobold zombie (Sewer)
  A rat (D:3)
33 creatures vanquished.

Vanquished Creatures (collateral kills)
  A kobold brigand (Sewer)
  A quasit (Sewer)
  2 adders
  3 worms (D:2)
  An orc (D:3)
  3 endoplasms
  7 giant cockroaches
  3 goblins
  A hobgoblin (D:1)
  A jackal (D:1)
  3 ball pythons
  A bat (D:3)
  A frilled lizard (D:1)
  10 kobolds
  4 rats
42 creatures vanquished.

Vanquished Creatures (others)
  A bat zombie (Sewer)
  An endoplasm (Sewer)
2 creatures vanquished.

Grand Total: 77 creatures vanquished

Notes
Turn   | Place    | Note
-------+----------+-------------------------------------------
     0 | D:1      | javelincjr the Octopode Summoner began the quest for the
                  | Orb.
     0 | D:1      | Reached XP level 1. HP: 11/11 MP: 3/3
   182 | D:1      | Reached skill level 3 in Stealth
   182 | D:1      | Reached XP level 2. HP: 1/17 MP: 1/5
  1062 | D:1      | Learned a level 2 spell: Call Imp
  1072 | D:1      | Reached XP level 3. HP: 21/21 MP: 2/6
  1521 | D:2      | Reached XP level 4. HP: 27/27 MP: 3/7
  1525 | D:2      | Learned a level 3 spell: Call Canine Familiar
  1767 | D:3      | Found a glowing drain.
  1816 | D:3      | Reached skill level 4 in Stealth
  1826 | Sewer    | Entered a sewer
  1944 | Sewer    | Reached XP level 5. HP: 30/31 MP: 9/9
  2093 | Sewer    | Found a burning altar of Makhleb.
  2094 | Sewer    | Noticed a kobold brigand
  2139 | Sewer    | Killed a kobold brigand
  2140 | Sewer    | Reached skill level 5 in Stealth
  2140 | Sewer    | Reached XP level 6. HP: 7/36 MP: 0/10
  2146 | Sewer    | HP: 1/36 [poisoned by a kobold brigand]
  2147 | Sewer    | Succumbed to a kobold brigand's poison

Illustrated notes

Levels and vault maps discovered:
D:1:      dpeg_arrival_windows_large_door, layout_basic
D:2:      layout_rooms
D:3:      layout_rooms, gup_sewer_entry_glass
Sewer:    kennysheep_sewer_church

Skill      XL: |  1  2  3  4  5 |
---------------+----------------+-----
Stealth        | 3 4 5 |  5.0
Dodging        | 3 |  3.6
Spellcasting   | 3 |  3.2
Summonings     | |  4.9

Action                     |  1- 3 |  4- 6 || total
---------------------------+-------+-------++-------
  Melee: Unarmed           |    32 |       ||    32
         Tentacles         |    10 |    10 ||    20
         Constrict         |    11 |    16 ||    27
         Spear             |    25 |    14 ||    39
         Dagger            |       |    49 ||    49
         Mace              |       |     5 ||     5
   Cast: Summon Small Mamm |    48 |    12 ||    60
         Call Imp          |     7 |     6 ||    13
         Call Canine Famil |       |     7 ||     7
    Use: Potion            |       |     1 ||     1
   Stab: Sleeping          |     2 |     1 ||     3
         Distracted        |     1 |     2 ||     3
 Armour: Skin              |     4 |     6 ||    10
  Dodge: Dodged            |    34 |    47 ||    81
